woodfighter, neutral female human Healer ------- ############ ---------- |.....| # ##########..`}}....| -------- #......| # |..}}....| |.......########|.*...| ## |........| |......| ####|.....| ## ----.----- |.(....| # #|.<...|#### # |.......##### #-----.-# # ### -------- ########## # # # ## # -|------- ### |@@f....| # |m).))))| + |))))))]| --------- woodfighter the Rhizotomist Experience level: 1 Strength: 10 Dexterity: 8 Constitution: 14 Intelligence: 10 Wisdom: 16 Charisma: 17 Health: 0(13) Energy: 4(4) Def: 2 Gold: 1523 Moves: 1109 Dungeon seed: FmCpcjpn_1YN66Y4 Game ID: woodfighter_1505103363 Your Inventory: Coins $ - 1523 gold pieces Weapons a - a +0 scalpel (weapon in hand) Armor e - an uncursed +1 pair of leather gloves (being worn) Comestibles j - 7 blessed eucalyptus leaves k - 2 blessed sprigs of wolfsbane l - 4 blessed cloves of garlic m - 5 uncursed apples r - an uncursed sprig of wolfsbane t - an uncursed food ration Scrolls p - an uncursed scroll of scare monster s - an uncursed scroll of confuse monster Spellbooks g - a blessed spellbook of healing h - a blessed spellbook of extra healing i - a blessed spellbook of stone to flesh Potions c - 3 uncursed potions of healing d - 4 uncursed potions of extra healing Wands f - a wand of sleep (0:8) Tools b - an uncursed stethoscope Spells and supernatural/magical abilities: Name Level Category Fail Memory h - healing 1 healing 0% 95% x - extra healing 3 healing 98% 95% S - stone to flesh 3 healing 100% 95% W - pray for help -- divine ? -- Your skills at the end: Miscellaneous Skills wands [Basic] Weapon Skills knife [Basic] Spellcasting Skills healing spells [Basic] Final Attributes: You were devoutly aligned. You were poison resistant. You were very stealthy. You were held by a large mimic. You are dead. Vanquished creatures: a gecko 6 jackals 2 newts a lichen 2 kobold zombies 12 creatures vanquished. Voluntary challenges: You followed a strict vegan diet. You did not adorn yourself with jewelry or accessories. You did not cause conflict. You were not invisible. You did not have reflection. You were not displaced. You were an atheist. You used a wielded weapon 28 times, starting on turn 4. You did not apply a unicorn horn. You did not use plumbed fixtures. You were illiterate. You never genocided any monsters. You never polymorphed an object. You never changed form. You used no wishes. You never split a pudding. You never wrote Elbereth's name. You never violated your personal moral code. Dungeon overview: The Dungeons of Doom: levels 1 to 4 Level 1 (box) a fountain a long staircase Level 2 some fountains, a sink Level 3 Level 4 <- You were here a weapon shop History has recorded: On T:1 you entered the Dungeons of Doom to retrieve the Amulet of Yendor! On T:192 you reached level 2 of The Dungeons of Doom. On T:348 you reached level 3 of The Dungeons of Doom. On T:832 you reached level 4 of The Dungeons of Doom. Score breakdown: Gold: 266 ( 26 points) Experience: 1 level ( 0 points) Exploration: 4 levels ( 90 points) Discoveries: 2 items ( 100 points) Variety of kills: 5 monsters ( 250 points) Major goal: (nothing yet) ( 0 points) Survival: died (score multiplied by 3) Total score: 1398 Latest messages: The large mimic claws you! You don't have enough energy to cast that spell. You feel better. You slash the large mimic. The large mimic is lightly wounded. You hack the large mimic. The large mimic is lightly wounded. Kitty picks up 11 arrows. You hack the large mimic. The large mimic is lightly wounded. The large mimic claws you! You hack the large mimic. The large mimic is moderately wounded. You hack the large mimic. The large mimic is moderately wounded. Kitty drops 11 arrows. You hack the large mimic. The large mimic is moderately wounded. You hack the large mimic. The large mimic is moderately wounded. Kitty picks up 11 arrows. The large mimic claws you! You die... Neuvicq gratefully inherits all your possessions. Final status: Goodbye woodfighter the Healer, killed by a large mimic... You died in The Dungeons of Doom on dungeon level 4 with 1398 points, and 1523 pieces of gold, after 1109 moves. You were level 1 with a maximum of 13 hit points when you died.